 Dungeon Crawl Stone Soup version 0.31-a0-868-g674d60d6f7 (webtiles) character file.

Game seed: 8426175165046720444

240 Xavori the Sneak (level 6, -7/70 HPs)
             Began as an Octopode Chaos Knight on Oct 11, 2023.
             Was a Plaything of Xom.
             Mangled by a skyshark (shapeshifter) (10 damage)
             ... on level 4 of the Dungeon.
             The game lasted 00:02:46 (2524 turns).

Xavori the Sneak (Octopode Chaos Knight)            Turns: 2524, Time: 00:02:46

Health: -7/70      AC:  3    Str: 15    XL:     6   Next: 8%
Magic:  6/6        EV: 13    Int: 13    God:    Xom [*.....]
Gold:   93         SH:  0    Dex: 13    Spells: 5/5 levels left

rFire   . . .        a - +0 short sword (chaos)
rCold   . . .        (no shield)
rNeg    . . .        (helmet restricted)
rPois   .            (no amulet)
rElec   .            (no ring)
rCorr   .            (no ring)
SInv    .            (no ring)
Will    .....        (no ring) Stlth
                     (no ring)
HPRegen 0.31/turn    (no ring)
MPRegen 0.10/turn    (no ring)
                     (no ring)

%: no passive effects
@: berserking (expiring), very quick
A: almost no armour, amphibious, 8 rings, camouflage 1, gelatinous body 1,
(nimble swimmer 1), tentacles, antennae 1, tentacle spike 1, iridescent scales
1, robust 1, strong 1, MP-powered wands
a: Renounce Religion


You were on level 4 of the Dungeon.
You worshipped Xom.
You were a special plaything of Xom.
You visited 1 branch of the dungeon, and saw 4 of its levels.

You collected 93 gold pieces.

Inventory:

Hand Weapons
 a - a +0 short sword of chaos (weapon)
Jewellery
 u - a ring of protection from fire
Talismans
 o - a serpent talisman
Scrolls
 b - a scroll of butterflies
 e - 5 scrolls of teleportation {unknown}
 h - 2 scrolls of vulnerability {unknown}
 i - 2 scrolls of poison {unknown}
 k - a scroll of fog {unknown}
 m - a scroll of revelation {unknown}
 n - 3 scrolls of identify {unknown}
 p - 2 scrolls of noise {unknown}
 r - a scroll of brand weapon {unknown}
 t - a scroll of immolation {unknown}
Potions
 c - a potion of brilliance {unknown}
 d - 4 potions of haste {unknown}
 f - 4 potions of curing {unknown}
 g - a potion of ambrosia {unknown}
 j - a potion of heal wounds {unknown}
 l - a potion of invisibility {unknown}
 s - 2 potions of degeneration {unknown}


   Skills:
 + Level 3.7 Fighting
 + Level 4.3 Short Blades
 + Level 3.0 Dodging
 + Level 4.5 Stealth
 * Level 1.3 Shapeshifting


You had 5 spell levels left.
You didn't know any spells.
Your spell library contained the following spells:

 Spells                   Type           Power      Damage    Failure   Level
 Inner Flame              Hex/Fire       0%         N/A       67%         3
 Flame Wave               Conj/Fire      0%         2d4       97%         4
 Sticky Flame             Conj/Fire      0%         2d3       97%         4


Dungeon Overview and Level Annotations

Branches:
Dungeon (4/15)
 Temple: D:4-7

Altars:
Kikubaaqudgha
Xom
Zin


Innate Abilities, Weirdness & Mutations

You cannot wear most types of armour.
You are amphibious.
You can wear up to eight rings at the same time.
Your skin changes colour to match your surroundings (Stealth+).
Your rubbery body absorbs attacks. (AC +1, EV +1)
((You are camouflaged when in or above water. (Stealth+)))
You have tentacles for arms and can constrict up to eight enemies at once.
You have a pair of small antennae on your head.
One of your tentacles bears a spike.
You are partially covered in iridescent scales. (AC +2)
You are robust. (+10% HP)
Your muscles are strong. (Str +4, Int/Dex -1)
You expend magic power (3 MP) to strengthen your wands.


Message History

The skyshark bites you!!
The skyshark enters a blood-rage!
The skyshark barely misses you. The skyshark closely misses you.
You puncture the skyshark!
The skyshark seems to slow down.
You pierce the skyshark, but do no damage.
Your squeeze misses the skyshark.
The skyshark is heavily wounded.
You are now a special plaything of Xom.
You puncture the skyshark!
The skyshark seems to grow stronger.
Xom thinks this is hilarious!
Your tentacle spike misses the skyshark.
The skyshark is heavily wounded.
The skyshark bites you!!
* * * LOW HITPOINT WARNING * * *
The skyshark tail-slaps you.
* * * LOW HITPOINT WARNING * * *
The skyshark tail-slaps you.
* * * LOW HITPOINT WARNING * * *
You hit the skyshark.
Your tentacle spike misses the skyshark.
The skyshark is heavily wounded.
Xom briefly touches your surroundings.
You hit the skyshark. You freeze the skyshark.
Your tentacle spike misses the skyshark.
The skyshark is severely wounded.
The skyshark closely misses you. The skyshark misses you.
The skyshark barely misses you.
You puncture the skyshark!
The skyshark seems to slow down.
You freeze the skyshark. You squeeze the skyshark!
The skyshark is almost dead.
You hit the skyshark.
You pierce the skyshark!
You squeeze the skyshark.
The skyshark is almost dead.
The skyshark bites you.
* * * LOW HITPOINT WARNING * * *
The skyshark barely misses you. The skyshark misses you.
You hit the skyshark.
Nothing appears to happen.
You pierce the skyshark.
Your squeeze misses the skyshark.
The skyshark is almost dead.
The skyshark bites you but does no damage.
The skyshark barely misses you. The skyshark tail-slaps you!
You die...

#.....##.....#
#.##.###.....#
..#####....._####
...# ##......#.##
...# #..........#
..## #.....^....#
..# #.........##
### ##........###
# ##.##....@l# .#
#.###..$.## ..
### ###..# ##
####


You could see a skyshark shaped shifter (berserk, strong, slow).

Vanquished Creatures
  A cerulean imp (D:3)
  Jessica (D:3)
  Natasha (twice) (D:3)
  An orc wizard (D:3)
  4 adders
  7 orcs
  8 endoplasms
  A giant cockroach (D:2)
  7 hobgoblins
  2 quokkas (D:1)
  5 ball pythons
  7 bats
  7 frilled lizards
  4 goblins
  7 kobolds
  6 rats
70 creatures vanquished.

Notes
Turn   | Place    | Note
-------+----------+-------------------------------------------
     0 | D:1      | Xavori the Octopode Chaos Knight began the quest for the
                  | Orb.
     0 | D:1      | Reached XP level 1. HP: 16/16 MP: 1/1
    76 | D:1      | Reached XP level 2. HP: 13/21 MP: 2/2
   169 | D:1      | XOM: silly message
   570 | D:1      | Reached XP level 3. HP: 26/26 MP: 3/3
   657 | D:1      | Reached skill level 1 in Stealth
   661 | D:1      | XOM: cloud trail
   666 | D:1      | XOM: god gift: scroll labelled SIQEWYNLIBB {god gift}
   732 | D:1      | XOM: give mutations
   732 | D:1      | Gained mutation: You are robust. (+10% HP) [Xom's grace]
   732 | D:1      | Gained mutation: You have a pair of small antennae on your
                  | head. [Xom's grace]
  1119 | D:1      | XOM: give mutations
  1119 | D:1      | Gained mutation: You expend magic power (3 MP) to
                  | strengthen your wands. [Xom's grace]
  1119 | D:1      | Gained mutation: You are partially covered in iridescent
                  | scales. (AC +2) [Xom's grace]
  1119 | D:1      | Gained mutation: One of your tentacles bears a spike.
                  | [Xom's grace]
  1119 | D:1      | Gained mutation: Your muscles are strong. (Str +4, Int/Dex
                  | -1) [Xom's grace]
  1124 | D:2      | Found an ancient bone altar of Kikubaaqudgha.
  1176 | D:2      | XOM: 3-stop teleportation journey
  1252 | D:2      | Reached XP level 4. HP: 34/34 MP: 4/4
  1490 | D:2      | Found a faded altar of an unknown god.
  1581 | D:2      | XOM: god gift: murky golden potion {god gift}
  1636 | D:3      | Noticed Jessica
  1695 | D:3      | Killed Jessica
  1706 | D:3      | Reached XP level 5. HP: 28/40 MP: 5/5
  1917 | D:3      | Noticed Natasha
  1922 | D:3      | Killed Natasha
  2049 | D:3      | Noticed Grinder
  2057 | D:3      | Grinder changed into Grinder the cerulean imp
  2057 | D:3      | Noticed Grinder
  2057 | D:3      | XOM: polymorph Grinder -> Grinder the cerulean imp
  2065 | D:3      | Killed Grinder the cerulean imp
  2066 | D:3      | Reached skill level 1 in Shapeshifting
  2104 | D:3      | Noticed Natasha
  2113 | D:3      | Killed Natasha
  2172 | D:3      | Noticed an angel
  2173 | D:3      | Found a glowing silver altar of Zin.
  2212 | D:4      | XOM: enchant monster (good)
  2217 | D:4      | Reached XP level 6. HP: 47/47 MP: 6/6
  2289 | D:4      | XOM: scenery: summon butterflies
  2507 | D:4      | an orc changed into a shapeshifter
  2507 | D:4      | Noticed a shapeshifter (shapeshifter)
  2507 | D:4      | XOM: polymorph orc -> shapeshifter
  2511 | D:4      | a shapeshifter changed into a skyshark
  2511 | D:4      | Noticed a skyshark (shapeshifter)
  2520 | D:4      | XOM: scenery: create altars
  2523 | D:4      | HP: 3/70 [skyshark (shapeshifter) (5)]
  2524 | D:4      | Mangled by a skyshark (shapeshifter)

Illustrated notes

Levels and vault maps discovered:
D:1:      erik_arrival_cave_to_civilisation [erik_arrival_cave_to_hall],
          layout_rooms, st_stairs_4, minmay_misc_feat_chi
D:2:      layout_rooms, basic_altar, ebering_ecumenical_altar_hall,
          amcnicky_mini_pool_small
D:3:      layout_rooms, zin_angel, uniq_natasha, uniq_grinder, uniq_jessica
D:4:      layout_cave_pools

Skill      XL: |  1  2  3  4  5 |
---------------+----------------+-----
Stealth        | 2 3 4 |  4.5
Short Blades   | 4 |  4.3
Dodging        | 3 |  3.0
Shapeshifting  | 1 |  1.3
Fighting       | |  3.7

Action                     |  1- 3 |  4- 6 || total
---------------------------+-------+-------++-------
  Melee: Short sword       |    70 |    85 ||   155
         Tentacles         |     9 |    12 ||    21
         Constrict         |    20 |    17 ||    37
         Kick              |     6 |    29 ||    35
         Punch             |       |     1 ||     1
    Use: Scroll            |     1 |       ||     1
         Potion            |       |     2 ||     2
   Stab: Sleeping          |    10 |     8 ||    18
         Paralysed         |       |     1 ||     1
 Armour: Skin              |    27 |    33 ||    60
  Dodge: Dodged            |    38 |    48 ||    86

Table legend: (Time is in decaauts)
 A = Elapsed time spent in this place.
 B = Non-inter-level travel time spent in this place.
 C = Inter-level travel time spent in this place.
 D = Time resting spent in this place.
 E = Time spent auto-exploring this place.
 F = Levels seen in this place.
 G = Mean time per level.
                   A        B        C        D        E       F      G
               +--------+--------+--------+--------+--------+-----+--------+
         Total |   2512 |   2447 |     65 |    393 |   1592 |   4 |  628.0 |
       Dungeon |   2512 |   2447 |     65 |    393 |   1592 |   4 |  628.0 |
               +--------+--------+--------+--------+--------+-----+--------+

Top non-repeatable levels by time:
     D:1: 1110 daAuts
     D:3: 576 daAuts
     D:2: 505 daAuts
     D:4: 320 daAuts
